 Dungeon Crawl Stone Soup version bcrawl-1.20.1-3-gdcb1fc31ed (webtiles) character file.

Game seed: 14257681863074721716

612 Banto the Insei (level 7, -2/43 HPs)
             Began as an Octopode Transmuter on Jan 29, 2020.
             Slain by a wyvern (16 damage)
             ... on level 5 of the Dungeon.
             The game lasted 00:04:03 (4957 turns).

Banto the Insei (Octopode Transmuter)               Turns: 4957, Time: 00:04:04

Health: -2/43      AC:  1    Str: 10    XL:     7   Next: 44%
Magic:  4/10       EV: 13    Int: 16    God:
Gold:   417        SH:  0    Dex: 13    Spells: 4/10 levels left

rFire    + . .     SeeInvis .     - Unarmed
rCold    . . .     Gourm    .   (no shield)
rNeg     . . .     Faith    .   (helmet restricted)
rPois    .         Spirit   .   (cloak restricted)
rElec    .         Reflect  .   (no amulet)
rCorr    .         Harm     .   l - ring of stealth
MR       +....                  i - ring of protection from magic
Stlth    ++++......             n - ring of protection from fire
HPRegen  0.14/turn              (no ring)
MPRegen  0.12/turn              (no ring)
                                (no ring)
                                (no ring)
                                (no ring)

@: very slightly contaminated
A: almost no armour, stealthy swim, amphibious, 8 rings, constrict 8, camouflage
1, gelatinous body 1
a: no special abilities


You were on level 5 of the Dungeon.
You were hungry.

You visited 1 branch of the dungeon, and saw 5 of its levels.

You collected 417 gold pieces.

Inventory:

Missiles
 a - 837 arrows
Jewellery
 h - an uncursed ring of fire
 i - a ring of protection from magic (right tentacle)
 l - a ring of stealth (left tentacle)
 n - a ring of protection from fire (on tentacle)
Wands
 p - a wand of iceblast (8)
Scrolls
 k - a scroll of remove curse
 o - a scroll of fog
Potions
 c - 3 potions of lignification
 d - a potion of agility
 f - a potion of curing {unknown}
 g - 3 potions of heal wounds
 j - a potion of invisibility {unknown}
Comestibles
 e - 10 rations {!d}


   Skills:
 - Level 1.0 Fighting
 - Level 2.0 Dodging
 + Level 6.3 Unarmed Combat
 - Level 2.0 Spellcasting
 + Level 5.8 Transmutations


You had 4 spell levels left.
You knew the following spells:

 Your Spells              Type           Power        Failure   Level  Hunger
a - Beastly Appendage     Tmut           ###...       1%          1    #......
b - Sticks to Snakes      Tmut           ###.....     3%          2    ###....
c - Spider Form           Tmut/Pois      ##.          19%         3    ###....

Your spell library contained the following spells:

 Spells                   Type           Power        Failure   Level  Hunger
 Magic Dart               Conj           #...         21%         1    #......
 Blink                    Tloc           N/A          30%         2    ###....
 Call Imp                 Summ           #.....       30%         2    ###....
 Searing Ray              Conj           #.......     30%         2    ###....
 Conjure Flame            Conj/Fire      #.......     52%         3    ###....
 Iskenderun's Mystic Bla  Conj           #.......     52%         3    ###....
 Mephitic Cloud           Conj/Pois/Air  #.......     52%         3    ###....
 Ice Form                 Ice/Tmut       ##......     54%         4    #####..
 Fulminant Prism          Conj/Hex       #.........   90%         4    #####..
 Blade Hands              Tmut           ###.......   47%         5    ######.
 Irradiate                Conj/Tmut      ##........   87%         5    ######.


Dungeon Overview and Level Annotations

Branches:
Dungeon (5/12)
 Temple: D:4-7

Altars:
Elyvilon
Okawaru
Wu Jian


Innate Abilities, Weirdness & Mutations

You cannot wear most types of armour.
You are very stealthy in the water. (Stealth+)
You are amphibious.
You can wear up to eight rings at the same time.
You can use your tentacles to constrict eight enemies at once.
Your skin changes colour to match your surroundings (Stealth+).
Your rubbery body absorbs attacks. (AC +1, EV +1)


Message History

The wyvern closely misses you.
The wyvern hisses menacingly.
The wyvern closely misses you.
The orc wizard looks braver for a moment.
You tentacle-slap the wyvern but do no damage.
Your squeeze misses the wyvern. The wyvern bites you!
The orc wizard hits you with a +0 dagger.
Really walk into that teleport trap?
Okay, then.
The wyvern misses you. The wyvern bites you.
The orc wizard casts a spell.
The orc wizard flickers and vanishes!
Deactivating autopickup; reactivate with Ctrl-A.
The teleport trap disappears.
The orc disappears!
Casting: Spider Form (safe; 19% risk of failure)
Confirm with . or Enter, or press ? or * to list all spells.
You miscast Spider Form.
Multicoloured lights dance before your eyes!
The wyvern bites you. The wyvern bites you!
You die...

###......
...#...###
#.......#
#.>..<..
###......
........#
#..)#
##§l# #.@#
#..#####.#
#.........
##.##.##.
#.# # #.#
#.# #.#
#.#


You could see a wyvern.

Vanquished Creatures
  An ogre (D:4)
  A sky beast (D:3)
  A bullfrog (D:4)
  A scorpion (D:4)
  A centaur skeleton (D:4)
  An orc wizard (D:4)
  2 iguanas (D:4)
  Natasha (twice) (D:4)
  A worker ant (D:3)
  4 adders
  An ooze (D:2)
  2 worms
  2 dart slugs (D:4)
  3 leopard geckos
  6 orcs
  4 bats
  3 giant cockroaches
  10 goblins
  8 hobgoblins
  8 jackals
  5 quokkas
  A ball python (D:1)
  5 frilled lizards
  9 kobolds
  6 rats
88 creatures vanquished.

Notes
Turn   | Place    | Note
-------+----------+-------------------------------------------
     0 | D:1      | Banto the Octopode Transmuter began the quest for the Orb.
     0 | D:1      | Reached XP level 1. HP: 13/13 MP: 3/3
   113 | D:1      | Reached XP level 2. HP: 14/18 MP: 5/5
   702 | D:1      | Reached XP level 3. HP: 4/23 MP: 6/6
  1461 | D:2      | Learned a level 2 spell: Sticks to Snakes
  1465 | D:2      | Learned a level 3 spell: Spider Form
  1471 | D:2      | Found a white marble altar of Elyvilon.
  2033 | D:2      | Found an iron altar of Okawaru.
  2236 | D:2      | Found an ornate altar of the Wu Jian Council.
  2274 | D:2      | Reached skill level 4 in Unarmed Combat
  2274 | D:2      | Reached XP level 4. HP: 28/28 MP: 7/7
  2913 | D:3      | Reached XP level 5. HP: 18/33 MP: 8/8
  3197 | D:3      | Noticed a sky beast
  3208 | D:3      | Killed a sky beast
  3528 | D:3      | Reached skill level 5 in Unarmed Combat
  3793 | D:4      | Noticed an ogre
  3807 | D:4      | Killed an ogre
  3807 | D:4      | Reached XP level 6. HP: 15/38 MP: 6/9
  4030 | D:4      | Reached skill level 5 in Transmutations
  4331 | D:4      | Noticed Natasha
  4341 | D:4      | Killed Natasha
  4365 | D:4      | Reached XP level 7. HP: 41/43 MP: 6/10
  4510 | D:4      | Reached skill level 6 in Unarmed Combat
  4690 | D:4      | Noticed Natasha
  4699 | D:4      | Killed Natasha
  4924 | D:5      | Entered Level 5 of the Dungeon
  4949 | D:5      | Noticed a wyvern
  4957 | D:5      | Slain by a wyvern

Skill      XL: |  1  2  3  4  5  6  7 |
---------------+----------------------+-----
Transmutations | 3 4 5 |  5.8
Unarmed Combat | 4 5 6 |  6.3
Fighting       | |  1.0
Dodging        | |  2.0
Spellcasting   | |  2.0

Action                   |  1- 3 |  4- 6 |  7- 9 || total
-------------------------+-------+-------+-------++-------
Melee: Unarmed           |   103 |    92 |    29 ||   224
       Constrict         |    26 |    21 |     2 ||    49
       Tentacles         |    16 |     3 |     5 ||    24
       Punch             |       |     2 |     2 ||     4
 Cast: Spider Form       |     1 |     5 |     1 ||     7
  Use: Scroll            |     2 |     4 |     2 ||     8
 Stab: Sleeping          |    12 |    12 |     2 ||    26
       Distracted        |       |     1 |       ||     1
  Eat: Chunk             |     4 |     7 |     2 ||    13
Armor: Skin              |     1 |     5 |       ||     6
Dodge: Dodged            |    51 |    53 |    15 ||   119
